 Dungeon Crawl Stone Soup version 0.17.0-26-gececa24 (webtiles) character file.

26153 shklvsk the Fighter (level 12, -3/97 HPs)
             Began as a Mummy Wanderer on Nov 19, 2015.
             Was an Elder of Yredelemnul.
             Slain by Rupert
             ... wielding a +0 triple sword of holy wrath
              (34 damage)
             ... on level 4 of the Lair of Beasts.
             The game lasted 01:02:55 (19649 turns).

shklvsk the Fighter (Mummy Wanderer)               Turns: 19649, Time: 01:02:55

Health: -3/97      AC: 22    Str: 25    XL:     12   Next: 95%
Magic:  17/17      EV:  9    Int:  9    God:    Yredelemnul [****..]
Gold:   967        SH:  0    Dex: 14    Spells: 1 memorised, 16 levels left

rFire  . . .     SeeInvis .     a - +8 lance "Wyrmbane" {slay drac, +Rage rPois rF+ AC+5}
rCold  + . .     Clarity  .     o - +1 plate armour
rNeg   + + +     SustAt   .     (no shield)
rPois  ∞         Gourm    .     (no helmet)
rElec  .         Spirit   .     u - +0 cloak
rCorr  .         Warding  .     (no gloves)
rMut   .         Stasis   .     M - +0 pair of boots
MR     +....                    (no amulet)
Stlth  ..........               f - +1 ring of evasion
                                G - +5 ring of strength

@: injury mirror, somewhat resistant to hostile enchantments, extremely
unstealthy
A: no food or potions, fire vulnerability, cold resistance 1, negative energy
resistance 3, torment resistance, unbreathing
a: Recall Undead Slaves, Injury Mirror, Animate Dead, Drain Life, Renounce
Religion


You were on level 4 of the Lair of Beasts.
You worshipped Yredelemnul.
Yredelemnul was greatly pleased with you.
You were not hungry.

You visited 3 branches of the dungeon, and saw 15 of its levels.
You also visited: Ossuary.

You collected 967 gold pieces.

Inventory:

Hand Weapons
 a - the +8 lance "Wyrmbane" (weapon) {slay drac, +Rage rPois rF+ AC+5}
   (You found it on level 9 of the Dungeon)

   It affects your AC (+5).
   It protects you from fire.
   It protects you from poison.
   It lets you go berserk.
 b - a +3 blowgun
 I - a +0 dire flail of electrocution
   (You took it off an orc warrior on level 6 of the Dungeon)
Missiles
 k - 328 stones (quivered)
 m - 127 poisoned needles
 n - 4 javelins
 z - 6 tomahawks
 D - a curare-tipped needle
 F - 4 throwing nets {=f, !d}
Armour
 o - a +1 plate armour (worn)
   (You found it on level 2 of the Dungeon)
 u - a +0 cloak (worn)
   (You took it off Crazy Yiuf on level 3 of the Dungeon)
 M - a +0 pair of boots (worn)
   (You found it on level 1 of the Lair of Beasts)
Magical Staves
 O - an uncursed staff of energy {@w1+MP, hungerless spells, !d!a}
   (You found it on level 2 of the Lair of Beasts)
Jewellery
 f - a +1 ring of evasion (right hand)
   (You found it on level 2 of the Dungeon)
 h - an uncursed ring of flight {+Fly, !d}
   (You found it on level 1 of the Dungeon)
 t - an uncursed ring of wizardry {Wiz+, !d}
   (You found it on level 4 of the Dungeon)
 G - a +5 ring of strength (left hand)
   (You found it on level 7 of the Dungeon)
Wands
 e - a wand of random effects (25)
   (You found it on level 3 of the Lair of Beasts)
 j - a wand of draining (9)
   (You found it on level 9 of the Dungeon)
 r - a wand of flame (13)
   (You found it on level 3 of the Dungeon)
 v - a wand of frost (15)
   (You took it off Crazy Yiuf on level 3 of the Dungeon)
 w - a wand of fire (8)
   (You found it on level 3 of the Lair of Beasts)
 C - a wand of flame (23)
   (You found it on level 4 of the Lair of Beasts)
 E - a wand of enslavement (8)
   (You found it on level 7 of the Dungeon)
 L - a wand of disintegration (10)
   (You found it on level 10 of the Dungeon)
Scrolls
 d - 7 scrolls of teleportation
 g - 3 scrolls of blinking {!r}
 i - 11 scrolls of identify
 l - 4 scrolls of enchant armour
 p - 2 scrolls of enchant weapon
 q - 2 scrolls of remove curse
 x - a scroll of vulnerability {!r!r}
 y - a scroll of amnesia
 A - a scroll of fear
 B - 3 scrolls of magic mapping {!r}
Books
 c - Sif Muna's Compendium of Beguiling

   Spells                             Type                      Level
   a - Corona                         Hexes                        1
   b - Summon Guardian Golem          Hexes/Summoning              3
 s - a book of Fire
   (You found it on level 4 of the Dungeon)
 K - a book of Battle
   (You found it on level 9 of the Dungeon)
Miscellaneous
 H - a sack of spiders
   (You found it on level 9 of the Dungeon)


   Skills:
 + Level 9.8 Fighting
   Level 0.5 Short Blades
 - Level 7.2 Maces & Flails
 * Level 9.3 Polearms
 - Level 4.3 Throwing
 - Level 7.5 Armour
 + Level 2.7 Dodging
 - Level 2.3 Stealth
 - Level 3.0 Spellcasting
   Level 1.0 Conjurations
   Level 4.0 Necromancy
 - Level 7.0 Invocations
 + Level 2.7 Evocations


You had 16 spell levels left.
You knew the following spells:

 Your Spells              Type           Power        Failure   Level  Hunger
v - Corona                Hex            #......      100%        1    N/A

Dungeon Overview and Level Annotations

Branches:
Dungeon (10/15)            Temple (1/1) D:7            Lair (4/8) D:10
 Spider (0/4) Lair:4          Orc (0/4) D:9
  Swamp: Lair:3-6    Shoals: Lair:3-6

Altars:
Ashenzari
Cheibriados
Dithmenos
Elyvilon
Fedhas
Gozag
Kikubaaqudgha
Makhleb
Nemelex Xobeh
Okawaru
Qazlal
Ru
Sif Muna
Trog
Vehumet
Xom
Yredelemnul
Zin
The Shining One

Annotations:
D:6 Gravenous's ghost, novice OpIE
D:10 Gravenous's ghost, novice HEIE
Lair:4 Rupert


Innate Abilities, Weirdness & Mutations

You do not eat or drink.
Your flesh is vulnerable to fire.
You are immune to poison.
Your flesh is cold resistant.
You are immune to negative energy.
You are immune to unholy pain and torment.
You can survive without breathing.


Message History

The blink frog momentarily phases out as your elephant zombie's attack passes through it.
Your elephant zombie trunk-slaps the blink frog.
A blink frog comes into view.
You catch the helpless blink frog momentarily off-guard.
You puncture the blink frog!
You kill the blink frog!
Yredelemnul accepts your kill.
Rupert hits your elephant zombie with a triple sword of holy wrath!!
Your elephant zombie convulses!!!
Your elephant zombie tramples Rupert.
Your elephant zombie trunk-slaps Rupert.
Your elephant zombie tramples Rupert.
Your elephant zombie trunk-slaps Rupert but does no damage.
Your human zombie hits Rupert but does no damage.
Rupert hits your elephant zombie with a triple sword of holy wrath!!
Your elephant zombie convulses!!
Your elephant zombie tramples the blink frog!
Your elephant zombie trunk-slaps the blink frog.
Your elephant zombie tramples Rupert.
Your elephant zombie trunk-slaps Rupert but does no damage.
Your elephant zombie barely misses Rupert.
Your elephant zombie trunk-slaps Rupert.
Your human zombie hits Rupert.
Your elephant zombie completely misses Rupert.
Your elephant zombie trunk-slaps Rupert but does no damage.
The blink frog momentarily phases out as your attack passes through it.
The blink frog hits you but does no damage.
Rupert hits your elephant zombie with a triple sword of holy wrath!!
Your elephant zombie is destroyed!
The blink frog blinks!
Rupert shouts!
You puncture the blink frog!
The blink frog hits you but does no damage.
Your elephant zombie completely misses the blink frog.
The blink frog momentarily phases out as your elephant zombie's attack passes through it.
Your elephant zombie tramples Rupert!
Your elephant zombie trunk-slaps Rupert.
Your elephant zombie tramples Rupert.
Your elephant zombie trunk-slaps Rupert.
Your human zombie hits Rupert.
You miss the blink frog. The blink frog hits you!
Rupert hits your elephant zombie with a triple sword of holy wrath!!
Your elephant zombie is destroyed!
You take 11 damage, and have 78/97 hp.
You miss the blink frog.
The blink frog hits your elephant zombie!
The blink frog blinks!
Your elephant zombie misses the blink frog.
Your elephant zombie closely misses the blink frog.
The blink frog hits you but does no damage.
Your elephant zombie closely misses Rupert.
Your elephant zombie trunk-slaps Rupert but does no damage.
Your human zombie closely misses Rupert.
You puncture the blink frog!
Rupert completely misses your elephant zombie.
The blink frog hits your elephant zombie!
The blink frog closely misses you.
You puncture the blink frog!
Your elephant zombie misses the blink frog.
Your elephant zombie trunk-slaps the blink frog.
The blink frog hits your elephant zombie!
The blink frog blinks!
Rupert hits your elephant zombie with a triple sword of holy wrath!!!
Your elephant zombie is destroyed!
The blink frog blinks!
Your human zombie barely misses Rupert.
The blink frog closely misses you.
The blink frog blinks!
A komodo dragon comes into view.
You closely miss the blink frog.
The blink frog blinks!
The blink frog misses you.
The blink frog momentarily phases out as your attack passes through it.
The blink frog blinks! x2
The blink frog closely misses you.
You puncture the blink frog!
You kill the blink frog!
Yredelemnul accepts your kill.
The blink frog hits you but does no damage.
You puncture the blink frog!
The blink frog hits your elephant zombie.
The blink frog blinks!
The blink frog hits you but does no damage.
The blink frog blinks!
Rupert rages.
The komodo dragon hisses menacingly.
The blink frog barely misses you.
Rupert rages.
The blink frog barely misses you.
The blink frog blinks!
Rupert closely misses you.
The blink frog hits you but does no damage.
You offer yourself to Yredelemnul, and fill with unholy energy.
Rupert hits you with a triple sword of holy wrath!
You convulse.
Yredelemnul mirrors your injury! The blink frog hits you!
Yredelemnul mirrors your injury!
You take 18 damage, and have 62/97 hp.
You puncture Rupert!
The blink frog hits you but does no damage.
Rupert hits you with a triple sword of holy wrath!!
You convulse!!
You die...
Yredelemnul claims you as an undead slave.

#####.##...#... .## #.#
###..##....#..... #....###..
###....#.....#..... ...#.....#
#..................
#..#....####.....>....#......
#.#..#.........<....##......
#...........................
#.....................#....
##.##.[....Z.@@................
#...≈........FF..............##
..>.≈.....F.†Z.....#..#.###..#
#...≈.....†l.......###### ##.#
.#.##..........#....# ### #?
#.........###..## .
#.§.......## #### #.......###
.=.......


You could see Rupert (berserk), a komodo dragon, 3 blink frogs, a friendly
elephant zombie and a friendly human zombie.

Vanquished Creatures
  Harold (Lair:4)
  A hydra (Lair:1)
  Erolcha (D:10)
  A hill giant (D:9)
  13 elephants
  5 spiny frogs
  5 komodo dragons
  A troll (D:9)
  Prince Ribbit (D:7)
  9 blink frogs (Lair:4)
  A wyvern (Lair:2)
  2 hogs (D:7)
  10 yaks
  2 basilisks (Lair:2)
  A deep elf fighter (D:7)
  2 wraiths
  5 hippogriffs
  Grum (D:9)
  7 humans
  2 hungry ghosts
  3 wolves (D:9)
  4 water moccasins
  6 porcupines
  2 sky beasts
  7 spiders (Lair:4)
  A black bear (D:9)
  2 phantoms (D:9)
  2 centaurs
  3 ice beasts
  5 crocodiles
  4 orc warriors
  3 ogres
  A big kobold (D:10)
  6 giant frogs
  A scorpion (D:8)
  3 killer bees (D:7)
  2 vampire bats (Lair:2)
  6 crimson imps
  A giant frog zombie (D:7)
  10 hounds
  A quasit (D:9)
  Crazy Yiuf (D:3)
  Ijyb (D:3)
  A jelly (D:5)
  5 orc priests
  Jessica (D:3)
  5 worker ants
  Natasha (thrice) (D:2)
  5 iguanas
  6 orc wizards
  2 killer bee zombies
  6 sheep
  A hound skeleton (D:7)
  11 mummies (Ossuary)
  A gnoll (D:1)
  11 river rats
  A worker ant zombie (D:5)
  11 adders
  5 shadow imps
  An ooze (D:7)
  An adder skeleton (D:4)
  An adder zombie (D:9)
  6 worms
  9 giant geckos
  30 orcs
  3 ball pythons
  15 bats
  7 giant cockroaches
  7 goblins
  6 hobgoblins
  11 kobolds
  A giant gecko skeleton (D:7)
  10 giant newts
  A gnoll skeleton (Ossuary)
  2 goblin skeletons (Ossuary)
  6 jackals
  2 jackal skeletons (D:4)
  A jackal zombie (D:5)
  2 kobold skeletons (Ossuary)
  2 orc skeletons (Ossuary)
  4 quokkas
  A quokka zombie (D:5)
  14 rats
  11 rat skeletons (Ossuary)
  A rat zombie (D:5)
  A plant (Lair:4)
377 creatures vanquished.

Vanquished Creatures (collateral kills)
  A hill giant (D:9)
  5 elephants
  A black mamba (Lair:2)
  4 spiny frogs
  A two-headed ogre (D:9)
  A blink frog (Lair:4)
  A wyvern (D:9)
  8 yaks
  A steam dragon (Lair:3)
  2 hungry ghosts
  4 water moccasins
  A spider (Lair:4)
  A black bear (D:8)
  A porcupine (Lair:4)
  An ice beast (D:9)
  2 crocodiles
  2 giant frogs
  An orc wizard (D:9)
  2 electric eels (Lair:2)
  A jelly (D:8)
  2 iguanas
  An orc priest (D:7)
  A giant frog skeleton (D:9)
  A worker ant (D:9)
  6 sheep (Lair:4)
  A giant frog simulacrum (D:9)
  2 river rats (Lair:1)
  An adder (D:9)
  3 orcs
  A jackal (D:9)
  A fungus (Lair:2)
  A plant (Lair:2)
62 creatures vanquished.

Vanquished Creatures (others)
  4 flying skulls
  A wraith (Lair:4)
  4 blink frog zombies (Lair:4)
  6 elephant zombies
  An elephant skeleton (Lair:3)
  2 komodo dragon zombies (Lair:1)
  A spider zombie (Lair:4)
  A wyvern zombie (D:9)
  A troll zombie (D:9)
  2 water moccasin zombies
  2 yak zombies (Lair:3)
  A hippogriff zombie (D:9)
  A wolf zombie (D:9)
  2 giant frog zombies (D:9)
  A centaur skeleton (D:7)
  A two-headed ogre zombie (D:9)
  A human zombie (Lair:4)
  2 porcupine zombies
  A big kobold zombie (D:10)
  2 crocodile zombies (Lair:2)
  An ogre zombie (D:9)
  A hound zombie (Lair:4)
  5 orc zombies
  A gnoll zombie (D:9)
  An orc skeleton (D:8)
  2 sheep zombies (Lair:4)
  2 adder zombies
  An iguana zombie (Lair:3)
  A bat zombie (Lair:2)
  A giant cockroach zombie (D:8)
  2 jackal zombies (Lair:4)
  A kobold skeleton (Ossuary)
  2 kobold zombies (D:10)
  A quokka zombie (D:8)
  2 river rat zombies (Lair:3)
  A fungus (Lair:4)
  4 plants
66 creatures vanquished.

Grand Total: 505 creatures vanquished

Notes
Turn   | Place    | Note
--------------------------------------------------------------
     0 | D:1      | shklvsk the Mummy Wanderer began the quest for the Orb.
     0 | D:1      | shklvsk set off with: 3 curare-tipped needles, a +2 blowgun, Sif Muna's Compendium of Beguiling, a scroll of teleportation, a +0 robe
     0 | D:1      | Reached XP level 1. HP: 13/13 MP: 4/4
     0 | D:1      | Identified Sif Muna's Compendium of Beguiling
     2 | D:1      | Learned a level 1 spell: Corona
   170 | D:1      | Reached skill level 1 in Stealth
   421 | D:1      | Reached XP level 2. HP: 16/19 MP: 6/6
   471 | D:1      | HP: 4/19 [rat (2)]
   945 | D:1      | Reached skill level 2 in Stealth
  1244 | D:2      | Reached XP level 3. HP: 24/24 MP: 7/7
  1342 | D:2      | You fall through a shaft!
  1551 | D:2      | Found a glowing silver altar of Zin.
  1614 | D:2      | Noticed Natasha
  1625 | D:2      | Killed Natasha
  1625 | D:2      | Reached skill level 1 in Maces & Flails
  1625 | D:2      | Reached XP level 4. HP: 22/31 MP: 8/8
  1804 | D:2      | Reached skill level 1 in Armour
  2336 | D:2      | Noticed Natasha
  2346 | D:2      | Killed Natasha
  2719 | D:2      | Noticed Natasha
  2725 | D:2      | Killed Natasha
  2877 | D:3      | Noticed Ijyb
  2907 | D:3      | Killed Ijyb
  2907 | D:3      | Reached skill level 2 in Maces & Flails
  2907 | D:3      | Reached XP level 5. HP: 26/36 MP: 9/9
  2910 | D:3      | Reached skill level 1 in Fighting
  3867 | D:3      | Noticed Crazy Yiuf
  4249 | D:4      | Reached XP level 6. HP: 43/43 MP: 10/10
  4645 | D:4      | Reached skill level 2 in Throwing
  4781 | D:3      | Noticed Jessica
  4787 | D:3      | Killed Jessica
  4787 | D:3      | Reached skill level 2 in Fighting
  4787 | D:3      | Reached skill level 3 in Maces & Flails
  4789 | D:3      | Killed Crazy Yiuf
  4789 | D:3      | Reached skill level 2 in Armour
  5175 | D:5      | Entered Level 5 of the Dungeon
  5382 | D:5      | Reached XP level 7. HP: 41/51 MP: 11/11
  5430 | D:5      | Found a sand-covered staircase.
  5480 | Ossuary  | Entered an ossuary
  5960 | Ossuary  | HP: 11/51 [mummy (14)]
  6196 | Ossuary  | Reached skill level 3 in Fighting
  6433 | D:5      | Found an iron altar of Okawaru.
  6471 | D:5      | Reached skill level 4 in Maces & Flails
  6832 | D:5      | Reached skill level 3 in Armour
  6962 | D:5      | Found a basalt altar of Yredelemnul.
  6977 | D:5      | Became a worshipper of Yredelemnul the Dark
  7141 | D:5      | Reached XP level 8. HP: 39/58 MP: 12/12
  7940 | D:6      | Noticed Gravenous's ghost (novice OpIE)
  8240 | D:6      | Reached skill level 4 in Fighting
  8240 | D:6      | Reached skill level 4 in Armour
  8279 | D:6      | Reached skill level 5 in Maces & Flails
  8538 | D:7      | Found a staircase to the Ecumenical Temple.
  8549 | Temple   | Entered the Ecumenical Temple
  8895 | D:7      | Reached skill level 5 in Armour
  9007 | D:7      | Found a sacrificial altar of Ru.
  9059 | D:7      | Noticed Prince Ribbit
  9084 | D:7      | Killed Prince Ribbit
  9084 | D:7      | Reached XP level 9. HP: 53/67 MP: 13/13
  9136 | D:7      | Reached * piety under Yredelemnul
  9323 | D:7      | Found a burning altar of Makhleb.
  9326 | D:7      | Found a snail-covered altar of Cheibriados.
  9329 | D:7      | Found a stormy altar of Qazlal.
  9513 | D:7      | Reached skill level 1 in Invocations
  9538 | D:7      | Reached skill level 5 in Fighting
  9538 | D:7      | Reached skill level 6 in Maces & Flails
  9538 | D:7      | Reached skill level 3 in Throwing
 10457 | D:7      | Reached skill level 2 in Invocations
 10844 | D:8      | Reached skill level 6 in Armour
 11057 | D:8      | Got a fine robe
 11108 | D:8      | Identified the +1 robe "Isutik" {MP+9 Str+2} (You found it on level 8 of the Dungeon)
 11392 | D:8      | Reached skill level 7 in Maces & Flails
 11844 | D:9      | Reached XP level 10. HP: 74/74 MP: 14/14
 12018 | D:9      | Reached skill level 4 in Throwing
 12031 | D:9      | Noticed a gargoyle
 12209 | D:9      | Reached ** piety under Yredelemnul
 12219 | D:9      | Noticed a hill giant
 12263 | D:9      | Killed a hill giant
 12263 | D:9      | Reached skill level 1 in Polearms
 12281 | D:9      | Reached skill level 6 in Fighting
 12344 | D:9      | Noticed a hill giant
 12349 | D:9      | Noticed Grum
 12359 | D:9      | Found a staircase to the Orcish Mines.
 12471 | D:9      | Reached skill level 2 in Polearms
 12602 | D:8      | Reached skill level 3 in Invocations
 12675 | D:9      | Noticed a skeletal warrior
 12730 | D:9      | Reached skill level 7 in Armour
 12851 | D:9      | Killed Grum
 12859 | D:9      | Reached skill level 3 in Polearms
 13023 | D:9      | Your ally Grum died
 13309 | D:9      | Killed a hill giant
 13455 | D:10     | Entered Level 10 of the Dungeon
 13455 | D:10     | Noticed Erolcha
 13532 | D:10     | Reached skill level 4 in Polearms
 13742 | D:10     | Killed Erolcha
 13742 | D:10     | Reached skill level 4 in Invocations
 13742 | D:10     | Reached XP level 11. HP: 77/83 MP: 15/15
 13756 | D:10     | Noticed Gravenous's ghost (novice HEIE)
 14099 | D:10     | Reached skill level 7 in Fighting
 14171 | D:10     | Found a staircase to the Lair.
 14184 | Lair:1   | Entered Level 1 of the Lair of Beasts
 14216 | Lair:1   | Reached *** piety under Yredelemnul
 14483 | Lair:1   | Noticed a six-headed hydra
 14507 | Lair:1   | Killed a six-headed hydra
 14507 | Lair:1   | Reached skill level 5 in Polearms
 15026 | Lair:1   | Reached skill level 5 in Invocations
 15400 | Lair:1   | Reached skill level 6 in Polearms
 15872 | Lair:2   | Reached skill level 8 in Fighting
 16062 | Lair:2   | Received a gift from Yredelemnul
 16482 | Lair:2   | Reached skill level 7 in Polearms
 16698 | Lair:3   | Reached skill level 6 in Invocations
 16812 | Lair:2   | Reached XP level 12. HP: 79/94 MP: 13/16
 16816 | Lair:2   | Reached **** piety under Yredelemnul
 16943 | Lair:3   | HP: 20/94 [elephant (11)]
 17332 | Lair:3   | Reached skill level 8 in Polearms
 17349 | Lair:3   | Reached skill level 9 in Fighting
 17698 | Lair:3   | Reached skill level 7 in Invocations
 18504 | Lair:4   | Received a gift from Yredelemnul
 18698 | Lair:4   | Reached skill level 1 in Dodging
 18921 | Lair:4   | Noticed Harold
 19078 | Lair:4   | Killed Harold
 19216 | Lair:4   | Reached skill level 2 in Evocations
 19220 | Lair:4   | Reached skill level 2 in Dodging
 19220 | Lair:4   | Received a gift from Yredelemnul
 19224 | Lair:4   | Reached skill level 9 in Polearms
 19621 | Lair:4   | Found a hole to the Spider Nest.
 19623 | Lair:4   | Noticed Rupert
 19649 | Lair:4   | Slain by Rupert

Action                   |  1- 3 |  4- 6 |  7- 9 | 10-12 || total
-------------------------+-------+-------+-------+-------++-------
Melee: Unarmed           |    19 |       |       |       ||    19
       Short sword       |    25 |       |       |       ||    25
       Flail             |    46 |   318 |   320 |       ||   684
       Dire flail        |       |       |   282 |    65 ||   347
       Lance             |       |       |       |   867 ||   867
 Fire: Blowgun           |     4 |    10 |    43 |    13 ||    70
Throw: Stone             |     4 |       |       |     2 ||     6
Invok: Animate Remains   |       |       |    10 |    23 ||    33
       Injury Mirror     |       |       |       |     3 ||     3
       Animate Dead      |       |       |       |    37 ||    37
       Recall Undead Sla |       |       |       |     1 ||     1
       Drain Life        |       |       |       |     2 ||     2
  Use: Scroll            |       |     2 |     1 |    18 ||    21
 Stab: Sleeping          |     6 |       |       |       ||     6
       Distracted        |       |       |       |    11 ||    11

Vault maps used:
D:1:      dpeg_arrival_brainrot, hangedman_abyss_or_decor_stabs
D:2:      overflow_temple_1_default, first_bread, uniq_natasha
D:3:      uniq_iyjb, uniq_crazy_yiuf_cottage, uniq_jessica
D:5:      yredelemnul_altar_generic, overflow_temple_1_default, enter_ossuary_4,
          minmay_lizard_king
D:7:      lemuel_doored_altar, grunt_temple_overflow_diamond,
          minmay_temple_entry_overgrown, serial_column_ruins, column_ruins_hut,
          column_ruins_circle_small, column_ruins_columns_straight,
          column_ruins_grid_1, column_ruins_columns_straight,
          column_ruins_open_tiny, hangedman_abyss_or_decor_slice,
          grunt_livestock, guppyfry_early_elven_hall, uniq_prince_ribbit1
D:9:      hangedman_cross_cluster, orc_0_dummy, uniq_grum
D:10:     david_lair_shrubbed, uniq_erolcha
Temple:   circular_temple_12
Lair:1:   st_stairs_8, infiniplex_staircase_pool
Lair:2:   st_stairs_9, roderic_batcave, minivault_11, grunt_megastairs_3,
          serial_bayou_shore_a
Lair:3:   grunt_megastairs_2
Lair:4:   erik_1, nicolae_spider_entry_tight_spaces, lemuel_fruit_fields,
          uniq_harold, uniq_rupert, uniq_sonja
Ossuary:  ossuary_due_small_catacomb

Table legend:
 A = Turns spent in this place as a percentage of turns spent in the entire game.
 B = Non-inter-level travel turns spent in this place as a percentage of non-inter-level travel turns spent in the entire game.
 C = Inter-level travel turns spent in this place as a percentage of turns spent in this place.
 D = Turns resting spent in this place as a percentage of non-inter-level travel turns spent in this place.
 E = Turns spent auto-exploring this place as a percentage of non-inter-level travel turns spent in this place.
 F = Non-inter-level travel turns spent in this place divided by the number of levels of this place that you've seen.
                   A       B       C       D       E      F
               +-------+-------+-------+-------+-------+----------------------
         Total | 100.0 | 100.0 |   0.7 |   4.0 |   5.2 | 351.8
       Dungeon |  67.1 |  67.0 |   0.8 |   3.8 |   5.5 | 377.4
        Temple |   0.2 |   0.2 |   9.1 |   0.0 |  90.0 |  10.0
          Lair |  27.3 |  27.4 |   0.6 |   4.3 |   4.9 | 385.2
       Ossuary |   5.4 |   5.4 |   0.0 |   4.6 |   0.7 | 304.0
               +-------+-------+-------+-------+-------+----------------------

Table legend:
 A = Kills in this place as a percentage of kills in entire the game.
 B = Kills by you in this place as a percentage of kills by you in the entire game.
 C = Kills by friends in this place as a percentage of kills by friends in the entire game.
 D = Other kills in this place as a percentage of other kills in the entire game.
 E = Experience gained in this place as a percentage of experience gained in the entire game.
 F = Experience gained in this place divided by the number of levels of this place that you have seen.
                   A       B       C       D       E      F
               +-------+-------+-------+-------+-------+----------------------
         Total | 100.0 | 100.0 | 100.0 |  -nan | 100.0 | 2335.1
       Dungeon |  59.6 |  63.6 |  35.0 |  -nan |  31.5 | 1176.2
          Lair |  33.7 |  28.7 |  65.0 |  -nan |  67.9 | 6346.2
       Ossuary |   6.7 |   7.7 |   0.0 |  -nan |   0.6 | 215.0
               +-------+-------+-------+-------+-------+----------------------
